 Dungeon Crawl Stone Soup version 0.17.0-28-g6e173f8 (webtiles) character file.

320 dohliylev the Covert (level 6, 0/45 HPs)
             Began as a Vampire Assassin on Dec 3, 2015.
             Slain by Pikel
             ... wielding a +2 whip of freezing
              (9 damage)
             ... on level 4 of the Dungeon.
             The game lasted 00:15:41 (3704 turns).

dohliylev the Covert (Vampire Assassin)             Turns: 3704, Time: 00:15:41

Health: 0/45       AC:  3    Str: 10    XL:     6   Next: 22%
Magic:  9/15       EV:  7    Int: 14    God:
Gold:   211        SH:  0    Dex: 17    Spells: 0 memorised, 5 levels left

rFire  . . .     SeeInvis +     a - +2 dagger
rCold  + + .     Clarity  .     q - troll hide {Purgy}
rNeg   + + +     SustAt   .     (no shield)
rPois  ∞         Gourm    .     (no helmet)
rElec  .         Spirit   .     d - +0 cloak
rCorr  .         Warding  .     (no gloves)
rMut   .         Stasis   .     (no boots)
MR     .....                    (no amulet)
Stlth  +++++.....               (no ring)
                                y - ring of magical power

@: bloodless, non-regenerating, not resistant to hostile enchantments, quite
stealthy
A: fangs 3, see invisible, unbreathing
a: Bat Form


You were on level 4 of the Dungeon.
You were bloodless.

You visited 1 branch of the dungeon, and saw 4 of its levels.

You collected 211 gold pieces.

Inventory:

Hand Weapons
 a - a +2 dagger (weapon)
 b - a +0 blowgun
 r - a +0 club
 u - a +0 blowgun
 v - a +0 short sword
Missiles
 e - 20 poisoned needles
 f - 2 curare-tipped needles
Armour
 c - a +0 robe
 d - a +0 cloak (worn)
 q - a troll hide (worn) {Purgy}
 z - a cursed +0 scale mail
Jewellery
 y - a ring of magical power (left hand)
Wands
 p - a wand of fireball (7)
Scrolls
 h - a scroll of random uselessness {unknown}
 i - 6 scrolls of teleportation {unknown}
 k - 4 scrolls of identify {unknown}
 l - 2 scrolls of blinking {unknown}
 m - a scroll of remove curse {unknown}
 o - 2 scrolls of recharging {unknown}
 s - 2 scrolls of enchant armour {unknown}
Potions
 g - 4 potions of blood
 j - a potion of agility {unknown}
 n - a potion of cancellation {unknown}
 t - 2 potions of invisibility
 w - 2 potions of flight {unknown}
 x - 2 potions of curing {unknown}


   Skills:
 + Level 2.3 Fighting
 + Level 3.0 Short Blades
 + Level 2.2 Throwing
 + Level 0.8 Armour
 + Level 2.4 Dodging
 + Level 9.4 Stealth


You had 5 spell levels left.
You didn't know any spells.

Dungeon Overview and Level Annotations

Branches:
Dungeon (4/15)
 Temple: D:4-7

Altars:
Fedhas

Annotations:
D:4 Pikel


Innate Abilities, Weirdness & Mutations

You do not heal naturally.
You are immune to poison.
You have razor-sharp teeth.
You have supernaturally acute eyesight.
You can survive without breathing.


Message History

Wield which item (- for none, * to show all)? (? for menu, Esc to quit)
a - a +2 dagger (weapon)
You barely miss Pikel.
Pikel is lightly wounded.
Pikel says, "Why not give it a go?
You'll get fed.
Maybe."
Pikel hits you with a whip of freezing.
You barely miss Pikel.
Pikel is lightly wounded.
Pikel misses you.
You barely miss Pikel. Pikel hits you with a whip of freezing!
Pikel freezes you.
* * * LOW HITPOINT WARNING * * *
You fail to use your ability.
Pikel hits you with a whip of freezing.
* * * LOW HITPOINT WARNING * * *
Found a stone staircase leading up.
Pikel says, "Slavery isn't that bad."
Pikel looks more healthy.
There is a stone staircase leading up here.
Pikel hits you with a whip of freezing!
You die...

.......%.##
###......###
.........# #......##
###...#### ##.##.##
#...# #.#### #...#
###+# ## #.# ##.##
#.... ..# #.# ##.#.##
#.#.# #.# #.#
##.###.######.#.###.##
#.# #.##
##.........@....# #.#
##.###.######...K.#..#
#.# ##.#.##
#...p##..###.# ##.##
#...p.......># ###
#.#.####.##### #.#p#
#.# #.#.####.#
#############........#
......##.......p######


You could see Pikel and 3 slaves.

Vanquished Creatures
  Purgy (D:3)
  2 crimson imps
  An orc wizard (D:4)
  3 adders
  2 oozes
  An adder skeleton (D:4)
  3 worms
  4 giant geckos
  7 orcs (D:4)
  6 giant cockroaches
  4 hobgoblins
  3 jackals (D:2)
  2 quokkas (D:2)
  A ball python (D:3)
  8 bats
  6 giant newts
  7 goblins
  12 kobolds
  10 rats
83 creatures vanquished.

Notes
Turn   | Place    | Note
--------------------------------------------------------------
     0 | D:1      | dohliylev the Vampire Assassin began the quest for the Orb.
     0 | D:1      | Reached XP level 1. HP: 16/16 MP: 1/1
    67 | D:1      | Reached skill level 6 in Stealth
   199 | D:1      | Reached XP level 2. HP: 20/22 MP: 2/2
   379 | D:1      | Reached skill level 7 in Stealth
   676 | D:1      | Reached XP level 3. HP: 27/27 MP: 3/3
  1476 | D:2      | Reached XP level 4. HP: 31/33 MP: 4/4
  1656 | D:2      | Reached skill level 8 in Stealth
  2037 | D:3      | Found a blossoming altar of Fedhas.
  2111 | D:3      | Noticed Purgy
  2115 | D:3      | Killed Purgy
  2115 | D:3      | Reached skill level 9 in Stealth
  2115 | D:3      | Reached XP level 5. HP: 38/38 MP: 5/5
  3443 | D:4      | Reached XP level 6. HP: 32/44 MP: 6/6
  3630 | D:4      | Noticed a slave
  3631 | D:4      | Noticed Pikel
  3631 | D:4      | Noticed a slave
  3633 | D:4      | Noticed a slave
  3636 | D:4      | Noticed a slave
  3704 | D:4      | Slain by Pikel

Action                   |  1- 3 |  4- 6 || total
-------------------------+-------+-------++-------
Melee: Dagger            |   100 |   124 ||   224
 Fire: Blowgun           |     9 |    23 ||    32
 Abil: End Transformatio |       |     2 ||     2
       Bat Form          |       |     2 ||     2
 Stab: Sleeping          |    19 |    14 ||    33
  Eat: Corpse            |     2 |     1 ||     3
